 Dungeon Crawl Stone Soup version 0.22-a0-348-gd16d139 (webtiles) character file.

312 b5mith the Skirmisher (level 6, 0/58 HPs)
             Began as a Minotaur Berserker on Apr 8, 2018.
             Was a Believer of Trog.
             Slain by a hound (4 damage)
             ... on level 4 of the Dungeon.
             The game lasted 00:04:55 (2694 turns).

b5mith the Skirmisher (Minotaur Berserker)          Turns: 2694, Time: 00:04:56

Health: 0/58       AC:  2    Str: 21 (24) XL:     6   Next: 18%
Magic:  5/5        EV: 13    Int:  1 (4)  God:    Trog [**....]
Gold:   201        SH:  0    Dex:  8 (9)  Spells: 5/5 levels left

rFire    . . .     SeeInvis .   a - +0 mace
rCold    . . .     Gourm    .   (no shield)
rNeg     . . .     Faith    .   b - +0 animal skin
rPois    .         Spirit   .   (helmet restricted)
rElec    .         Reflect  .   (no cloak)
rCorr    .         Harm     +   (no gloves)
MR       .....                  (no boots)
Stlth    +.........             k - amulet of harm
HPRegen  0.19/turn              o - +2 ring of slaying
MPRegen  0.09/turn              p - +1 ring of evasion

@: lethally poisoned (0 -> -1)
A: retaliatory headbutt, horns 2
a: Berserk, Trog's Hand, Renounce Religion


You were on level 4 of the Dungeon.
You worshipped Trog.
Trog was pleased with you.
You were not hungry.

You visited 1 branch of the dungeon, and saw 4 of its levels.

You collected 201 gold pieces.

Inventory:

Hand Weapons
 a - a +0 mace (weapon)
Armour
 b - a +0 animal skin (worn)
 g - a cursed +0 pair of gloves
   (You found it on level 2 of the Dungeon)
 m - a +0 pair of boots
   (You found it on level 1 of the Dungeon)
Jewellery
 k - an amulet of harm (around neck)
   (You found it on level 1 of the Dungeon)
 o - a +2 ring of slaying (left hand)
   (You found it on level 2 of the Dungeon)
 p - a +1 ring of evasion (right hand)
   (You found it on level 4 of the Dungeon)
 t - an uncursed ring of see invisible
   (You found it on level 3 of the Dungeon)
Wands
 u - a wand of flame (22)
   (You found it on level 3 of the Dungeon)
 v - a wand of polymorph (20)
   (You found it on level 4 of the Dungeon)
Scrolls
 d - 4 scrolls of identify {@r1}
 f - 3 scrolls of remove curse {unknown}
 i - 2 scrolls of amnesia {unknown}
 j - 3 scrolls of enchant armour {unknown}
 n - a scroll of magic mapping {unknown}
Potions
 e - 3 potions of agility {unknown}
 h - a potion of curing {unknown}
 l - a potion of resistance {unknown}
 q - a potion of lignification {unknown}
 r - 2 potions of degeneration {!q}
 s - a potion of cancellation {unknown}
Comestibles
 c - 3 rations
 w - 2 chunks of flesh


   Skills:
 + Level 6.5 Fighting
 + Level 6.4 Maces & Flails
 - Level 2.4 Armour
 - Level 2.1 Dodging


You had 5 spell levels left.
You didn't know any spells.

Dungeon Overview and Level Annotations

Branches:
Dungeon (4/15)
 Temple: D:4-7

Altars:
Sif Muna

Shops:
D:4 }


Innate Abilities, Weirdness & Mutations

You reflexively headbutt those who attack you in melee.
You have a pair of horns on your head.


Message History

* * * LOW HITPOINT WARNING * * *
You thump the iguana!
You kill the iguana!
Trog accepts your kill.
You hear the slow rusting of a distant drain.
You see here an iguana corpse.
You butcher the iguana corpse.
w - 3 chunks of flesh You start resting.
A scorpion comes into view.
A scorpion is nearby!
The scorpion stings you!
* * * LOW HITPOINT WARNING * * *
You sock the scorpion!
The scorpion is severely wounded.
The scorpion stings you.
* * * LOW HITPOINT WARNING * * *
You are poisoned.
The scorpion poisons you!
You sock the scorpion!
You kill the scorpion!
Trog accepts your kill.
You have reached level 6!
Your experience leads to an increase in your attributes!
Increase (S)trength, (I)ntelligence, or (D)exterity?
You feel stronger.
You feel sick.
You start resting.
You feel sick.
You hear the slow rusting of a distant drain.
You feel sick.
You start resting.
You feel sick. x5
Eating one of 3 chunks of flesh.
You eat one of the 3 chunks of flesh.
This raw flesh tastes terrible.
You feel sick.
A hound comes into view.
The hound barks!
The hound closely misses you.
You feel sick.
It was a potion of degeneration.
There was something very wrong with that liquid.
You feel weakened.
You feel dopey.
You feel clumsy. The hound barely misses you. The hound closely misses you.
As you read the scroll labeled KEUNYGE OCHOARR, it crumbles to dust.
It is a scroll of identify.
Really abort (and waste the scroll)? [Y]es or [N]o only, please.
Really abort (and waste the scroll)?
Okay, then.
The hound bites you.
You die...

#######♣∩♣
..........#
#.######<♣# #># #.#
#.# #.## #####.#
#..# ### .....#
#.#......
#..######.####.####
#.....h@...........
#..########..#####
#..# ###..# #.†#
#....#
#..######.#.##
#............#
...........###.#.#
#....>...#.# ..#...
#.#.##.#.>...#####.#


You could see a hound.

Vanquished Creatures
  A scorpion (D:4)
  A howler monkey (D:4)
  2 hounds (D:4)
  An iguana (D:4)
  A hound skeleton (D:4)
  A gnoll (D:1)
  6 adders
  An ooze (D:3)
  2 worms
  A dart slug (D:1)
  A ball python (D:1)
  5 giant cockroaches
  5 goblins
  2 hobgoblins
  7 jackals
  5 kobolds
  A quokka (D:3)
  8 bats
  7 frilled lizards
  3 rats
61 creatures vanquished.

Notes
Turn   | Place    | Note
-------+----------+-------------------------------------------
     0 | D:1      | b5mith the Minotaur Berserker began the quest for the Orb.
     0 | D:1      | Reached XP level 1. HP: 19/19 MP: 0/0
   194 | D:1      | Reached XP level 2. HP: 23/27 MP: 1/1
  1055 | D:2      | Reached XP level 3. HP: 34/34 MP: 2/2
  1412 | D:2      | Reached XP level 4. HP: 28/41 MP: 3/3
  1801 | D:2      | Reached skill level 5 in Fighting
  1831 | D:2      | Reached skill level 5 in Maces & Flails
  1898 | D:3      | Reached ** piety under Trog
  2316 | D:3      | Found a deep blue altar of Sif Muna.
  2578 | D:4      | Found Xuppadgh's Gadget Shoppe.
  2590 | D:4      | Reached XP level 5. HP: 47/48 MP: 4/4
  2674 | D:4      | Reached XP level 6. HP: 11/58 MP: 5/5
  2694 | D:4      | Slain by a hound

Vault maps used:
D:1:      dpeg_arrival_central, minmay_split_cup_large
D:3:      tgw_sif
D:4:      first_ration, cheibrodos_sewer_entry_sluice, serial_shops,
          nicolae_shop_trees, shop_fountains, uniq_sigmund, uniq_ijyb,
          uniq_duvessa

Skill      XL: |  1  2  3  4  5 |
---------------+----------------+-----
Fighting       | 4 5 6 |  6.5
Maces & Flails | 4 5 6 |  6.4
Armour         | |  2.4
Dodging        | |  2.1

Action                   |  1- 3 |  4- 6 || total
-------------------------+-------+-------++-------
Melee: Mace              |    42 |    56 ||    98
       Headbutt          |     6 |    12 ||    18
  Use: Scroll            |       |     1 ||     1
       Potion            |       |     1 ||     1
 Stab: Sleeping          |     1 |       ||     1
  Eat: Chunk             |     1 |     5 ||     6
Armor: Animal skin       |     5 |    12 ||    17
Dodge: Dodged            |    27 |    49 ||    76

Table legend:
 A = Spawn XP
 B = Non-spawn XP
 C = Spawn XP percentage of total XP
 D = Spawn monster count
 E = Non-spawn monster count
 F = Spawn count percentage of total count
 G = Total turns spent on level
                    A         B        C        D         E        F      G
               +---------+---------+-------+---------+---------+-------+---------
         Total |       0 |     447 |   0.0 |       0 |      61 |   0.0 |  2694
               +---------+---------+-------+---------+---------+-------+---------
           D:1 |       0 |      38 |   0.0 |       0 |      15 |   0.0 |   974
           D:2 |       0 |      70 |   0.0 |       0 |      19 |   0.0 |   886
           D:3 |       0 |      77 |   0.0 |       0 |      21 |   0.0 |   718
           D:4 |       0 |     262 |   0.0 |       0 |       6 |   0.0 |   116
               +---------+---------+-------+---------+---------+-------+---------
